AoeStats
← ronaldo_nazario

Arena

509592084Analyzed
1v1 RM · 4d ago on Sep 27, 2026· 27m 38s· 2 players
Game mode
Random Map
Map size
Tiny (2 player)
Population
200
Speed
Normal
Resources
Standard
Victory
Conquest
Starting age
Dark Age
Ending age
Imperial Age
RankedLock teamsTeams togetherTeam positionsShared explorationLock speedFull tech treeHidden civsTurbo modeCheats
Victory
Defeat
🇪🇸 Celts · Spain
1059
+15
🇩🇪 Vikings · Germany
1048
-44
Kishy
2:08 Loom
9:48 Feudal Age
10:54 Double-Bit Axe
14:11 Gold Mining
20:53 Castle Age
19:27 Horse Collar
20:02 Fletching
20:12 Padded Archer Armor
20:54 Crossbowman
ronaldo_nazario
11:06 Feudal Age
9:22 Loom
13:40 Double-Bit Axe
13:35 Horse Collar
16:36 Castle Age
14:35 Stone Mining
14:55 Gold Mining
15:42 Scale Mail Armor
17:08 Forging
17:48 Wheelbarrow
19:33 Heavy Plow
25:11 Chain Mail Armor
Connection lost

Rejoining the realm…

Still unreachable

The connection could not be restored.

Session expired

The server has moved on; the page needs a fresh start.